[Event "Limburg Open 2022"]
[Site "Maastricht"]
[Date "2022.06.04"]
[Round "2.6"]
[White "Ernst, Sipke"]
[Black "Bomans, Arno"]
[Result "1-0"]
[ECO "A57"]
[WhiteElo "2538"]
[BlackElo "2241"]
[PlyCount "61"]
[EventDate "2022.06.03"]
[EventType "swiss"]
[EventRounds "7"]
[EventCountry "NED"]
[SourceTitle "Limburg Open"]
[Source "Limburg Open"]
[SourceDate "2022.06.06"]
[SourceVersion "7"]
[SourceVersionDate "2022.06.06"]
[SourceQuality "1"]
[TimeControl "7200+15"]

1. d4 Nf6 2. c4 c5 3. d5 b5 4. cxb5 a6 5. e3 e6 6. dxe6 fxe6 7. Nf3 d5 8.
Nbd2 Bd6 9. b3 O-O 10. Bb2 Qa5 11. a4 Ne4 12. Bd3 c4 13. bxc4 Bb4 14. O-O Nxd2 15. Nxd2 Bxd2 16. Qh5 h6 17. Bxg7 Bc3 18. Bxh6 Ra7 19. Qg6+ Rg7 20. Bxg7 Bxg7 21. cxd5 exd5 22. Rac1 Bd7 23. Qh7+ Kf7 24. bxa6 Qb6 25. Rb1 Qd6 26. Rb7 Rh8 27. Qxh8 Bxh8 28. a7 Nc6 29. a8=Q Bf6 30. Rxd7+ Qxd7 31. Bb5 1-0

[Event "Limburg Open 2022"]
[Site "Maastricht"]
[Date "2022.06.04"]
[Round "2.7"]
[White "Zwirs, Nico"]
[Black "Noiroux, Kevin"]
[Result "1-0"]
[ECO "B01"]
[WhiteElo "2475"]
[BlackElo "2210"]
[PlyCount "69"]
[EventDate "2022.06.03"]
[EventType "swiss"]
[EventRounds "7"]
[EventCountry "NED"]
[SourceTitle "Limburg Open"]
[Source "Limburg Open"]
[SourceDate "2022.06.06"]
[SourceVersion "7"]
[SourceVersionDate "2022.06.06"]
[SourceQuality "1"]
[TimeControl "7200+15"]

1. e4 d5 2. exd5 Qxd5 3. Nc3 Qa5 4. d4 Nf6 5. Nf3 Bf5 6. Ne5 c6 7. h4 Nbd7 8. Nc4 Qd8 9. Bg5 g6 10. Bd3 Bxd3 11. Qxd3 Bg7 12. O-O-O b5 13. Nd2 h6 14. Bf4 b4 15. Nce4 Nd5 16. Bh2 f5 17. Ng3 h5 18. Ne2 O-O 19. Nf4 Nxf4 20. Bxf4 e5 21. Qc4+ Kh7 22. dxe5 Bxe5 23. Nf3 Nb6 24. Qxb4 Nd5 25. Qb7+ Bg7 26. Be5 Qe7 27. Qxe7 Nxe7 28. Ng5+ Kg8 29. Bxg7 Kxg7 30. Ne6+ Kf7 31. Nxf8 Kxf8 32. Rhe1 a5 33. Rd6 Re8 34. Rf6+ Kg7 35. Rxc6 1-0

[Event "Limburg Open 2022"]
[Site "Maastricht"]
[Date "2022.06.04"]
[Round "2.8"]
[White "De Rover, Yong Hoon"]
[Black "Rebers, Eugene"]
[Result "1/2-1/2"]
[ECO "B35"]
[WhiteElo "2359"]
[BlackElo "2194"]
[PlyCount "59"]
[EventDate "2022.06.03"]
[EventType "swiss"]
[EventRounds "7"]
[EventCountry "NED"]
[SourceTitle "Limburg Open"]
[Source "Limburg Open"]
[SourceDate "2022.06.06"]
[SourceVersion "7"]
[SourceVersionDate "2022.06.06"]
[SourceQuality "1"]
[TimeControl "7200+15"]

1. e4 c5 2. Nf3 g6 3. d4 cxd4 4. Nxd4 Bg7 5. Nc3 Nc6 6. Be3 Nf6 7. Bc4 O-O 8. Bb3 d5 9. exd5 Na5 10. h3 Nxb3 11. Nxb3 b6 12. Qd2 Bb7 13. O-O-O Qd7 14. Bd4 Rfd8 15. Kb1 Nxd5 16. Bxg7 Kxg7 17. Nxd5 Bxd5 18. Qe3 Qc7 19. Nd4 Rac8 20. f4 Qb7 21. Rhe1 Bxg2 22. h4 Qd5 23. f5 Kh8 24. h5 gxf5 25. Qxe7 Qd6 26. Qe2 Qd5 27. Qe7 Qd6 28. Qe2 Qd5 29. Qe7 Qd6 30. Qe2 1/2-1/2

[Event "Limburg Open 2022"]
[Site "Maastricht"]
[Date "2022.06.04"]
[Round "2.9"]
[White "Lenaerts, Lennert"]
[Black "Jansen, Bob"]
[Result "1/2-1/2"]
[ECO "C18"]
[WhiteElo "2353"]
[BlackElo "2173"]
[PlyCount "65"]
[EventDate "2022.06.03"]
[EventType "swiss"]
[EventRounds "7"]
[EventCountry "NED"]
[SourceTitle "Limburg Open"]
[Source "Limburg Open"]
[SourceDate "2022.06.06"]
[SourceVersion "7"]
[SourceVersionDate "2022.06.06"]
[SourceQuality "1"]
[TimeControl "7200+15"]

1. e4 e6 2. d4 d5 3. Nc3 Bb4 4. e5 c5 5. a3 Ba5 6. b4 cxd4 7. Nb5 Bc7 8. f4 Bd7 9. Nxc7+ Qxc7 10. Nf3 Ba4 11. Bd3 Ne7 12. O-O a6 13. Nxd4 Nbc6 14. Nb3 O-O 15. Be3 Bxb3 16. cxb3 d4 17. Bd2 Qb6 18. Qe2 Nf5 19. Rf3 Rfd8 20. Rh3 g6 21. g4 Ne3 22. Bxe3 dxe3 23. Qxe3 Qxe3+ 24. Rxe3 g5 25. fxg5 Nxe5 26. Bxh7+ Kxh7 27. Rxe5 Rd4 28.
h3 Rd3 29. Rf1 Kg7 30. h4 Rad8 31. Re2 R8d4 32. Rg2 Rxb3 33. h5 1/2-1/2

[Event "Limburg Open 2022"]
[Site "Maastricht"]
[Date "2022.06.04"]
[Round "2.10"]
[White "Freeke, Matthieu"]
[Black "Bruil, Rembrandt"]
[Result "1/2-1/2"]
[ECO "D00"]
[WhiteElo "2347"]
[BlackElo "2166"]
[PlyCount "76"]
[EventDate "2022.06.03"]
[EventType "swiss"]
[EventRounds "7"]
[EventCountry "NED"]
[SourceTitle "Limburg Open"]
[Source "Limburg Open"]
[SourceDate "2022.06.06"]
[SourceVersion "7"]
[SourceVersionDate "2022.06.06"]
[SourceQuality "1"]
[TimeControl "7200+15"]

1. d4 d5 2. Nc3 Nf6 3. Bf4 e6 4. Nb5 Na6 5. e3 c6 6. Nc3 Bb4 7. Bxa6 bxa6 8. Nge2 O-O 9. a3 Be7 10. Na4 Nd7 11. O-O a5 12. c4 dxc4 13.
Qc2 Ba6 14. Rfd1 Qc8 15. Nec3 Rd8 16. Rac1 Qb7 17. Ne4 Qb5 18. Bd6 Bxd6 19. Nxd6 Qd5 20. Nxc4 Rac8 21. b3 Rb8 22. e4 Qb5 23. Rb1 Nb6 24. Ne5 Nxa4 25. bxa4 Qe2 26. Qxe2 Bxe2 27. Nxc6 Bxd1 28. Rxb8 Rxb8 29. Nxb8 Bxa4 30. Na6 Kf8 31.
Nc5 Bb5 32. f4 Ke7 33. Kf2 Kd6 34. Nb7+ Kc7 35. Nxa5 Kb6 36. Nb3 Bc6 37. Ke3 Kb5 38. Nc5 Kc4 1/2-1/2

[Event "Limburg Open 2022"]
[Site "Maastricht"]
[Date "2022.06.04"]
[Round "2.11"]
[White "Kucharska, Honorata"]
[Black "Kopylov, Daniel"]
[Result "0-1"]
[ECO "B51"]
[WhiteElo "2181"]
[BlackElo "2326"]
[PlyCount "120"]
[EventDate "2022.06.03"]
[EventType "swiss"]
[EventRounds "7"]
[EventCountry "NED"]
[SourceTitle "Limburg Open"]
[Source "Limburg Open"]
[SourceDate "2022.06.06"]
[SourceVersion "7"]
[SourceVersionDate "2022.06.06"]
[SourceQuality "1"]
[TimeControl "7200+15"]

1. e4 c5 2. Nf3 Nc6 3. Bb5 d6 4. O-O Bd7 5. Re1 Nf6 6. c3 a6 7. Bf1 Bg4 8. h3 Bxf3 9. Qxf3 e6 10. d3 Be7 11. Be3 d5 12. Bf4 O-O 13.
Nd2 Rc8 14. Qe2 b5 15. Nf3 d4 16. Red1 Nd7 17. e5 dxc3 18. bxc3 Nb6 19. Rac1 b4 20. cxb4 Nd5 21. Bd2 Ncxb4 22. a3 Nc6 23. Qe4 Qb6 24. Rb1 Qa7 25. Qg4 Rfd8 26. Rbc1 Nd4 27. Rc4 Qb8 28. Ba5 Rd7 29. Nxd4 cxd4 30. Qxd4 Bxa3 31. Rxc8+ Qxc8 32. Qa4 Bf8 33. d4 Ra7 34. Bc4 Qb7 35. Bf1 Ra8 36. Rc1 h6 37. Qc4 Be7 38. Ra1 Qb2 39. Ra2 Qb1 40. Qc2 Qxc2 41. Rxc2 Bb4 42. Ra2 Nc3 43. Ra1 Bxa5 44. Rxa5 Rd8 45. Ra3 Nb5 46. Rxa6 Nxd4 47. f4 g5 48. fxg5 hxg5 49. Kf2 Nf5 50. g4 Nh4 51. Ke3 Rd5 52. Ke4 Ng6 53. Bc4 Rxe5+ 54. Kd4 Kg7 55. Ra7 Re1 56. Bb5 Kf6 57. Be8 Ne5 58. Rb7 Rh1 59. Rb2 Rxh3 60. Rf2+ Rf3 0-1

[Event "Limburg Open 2022"]
[Site "Maastricht"]
[Date "2022.06.04"]
[Round "2.12"]
[White "Fischer, Daniel"]
[Black "De Jong, Tom"]
[Result "1-0"]
[ECO "B12"]
[WhiteElo "2324"]
[BlackElo "2163"]
[PlyCount "103"]
[EventDate "2022.06.03"]
[EventType "swiss"]
[EventRounds "7"]
[EventCountry "NED"]
[SourceTitle "Limburg Open"]
[Source "Limburg Open"]
[SourceDate "2022.06.06"]
[SourceVersion "7"]
[SourceVersionDate "2022.06.06"]
[SourceQuality "1"]
[TimeControl "7200+15"]

1. e4 c6 2. d4 d5 3. e5 c5 4. dxc5 e6 5. a3 Nc6 6. Nf3 Bxc5 7. b4 Bb6 8.
Bb2 Nge7 9. Nbd2 O-O 10. Bd3 Ng6 11. b5 Na5 12. g3 f5 13. h4 Bd7 14. h5 Nh8 15. Nd4 Nf7 16. f4 Nh6 17. Qe2 Rc8 18. a4 Ng4 19. Rh4 Kh8 20.
Rxg4 fxg4 21. Qxg4 Nc4 22. Bxc4 dxc4 23. N2f3 c3 24. Ba3 Bc5 25. Bxc5 Rxc5 26. Kf2 Rd5 27. h6 gxh6 28. Qh5 Bc8 29. Rd1 Qe7 30. Qxh6 Rfd8 31. Rd3 a6 32. Rxc3 axb5 33. axb5 Bd7 34. Rc7 Rc8 35. Rxb7 Qc5 36. Qf6+ Kg8 37. Rxd7 Rxd7 38. Qxe6+ Rf7 39. Kg2 Rd8 40. Ng5 Qd5+ 41. Qxd5 Rxd5 42. Nxf7 Rxd4 43. Nd6 Rd2+ 44. Kf3 Rxc2 45. b6 Rb2 46. b7 Rb4 47. f5 Kg7 48. f6+ Kg6 49. Ke3 h5 50. Kd3 Rb1 51. Kc4 Rb2 52. Nb5 1-0

[Event "Limburg Open 2022"]
[Site "Maastricht"]
[Date "2022.06.04"]
[Round "2.13"]
[White "Van Cappellen, Jonas"]
[Black "Gupta, Sankalp"]
[Result "0-1"]
[ECO "C02"]
[WhiteElo "2244"]
[BlackElo "2505"]
[PlyCount "56"]
[EventDate "2022.06.03"]
[EventType "swiss"]
[EventRounds "7"]
[EventCountry "NED"]
[SourceTitle "Limburg Open"]
[Source "Limburg Open"]
[SourceDate "2022.06.06"]
[SourceVersion "7"]
[SourceVersionDate "2022.06.06"]
[SourceQuality "1"]
[TimeControl "7200+15"]

1. e4 e6 2. d4 d5 3. e5 c5 4. c3 Nc6 5. Nf3 Bd7 6. Be2 Nge7 7. Na3 Ng6 8.
Nc2 f6 9. Bd3 f5 10. h4 c4 11. Be2 Be7 12. g3 O-O 13. Ne3 b5 14. Ng2 b4 15. h5 Nh8 16. Nf4 bxc3 17. bxc3 Rb8 18. Rg1 Nf7 19. g4 fxg4 20. Nh2 Qa5 21. Bd2 Nxd4 22. cxd4 c3 23. Bd3 cxd2+ 24. Kf1 Ng5 25. Qxg4 Qc3 26. Ke2 Qxd4 27. Nf3 d1=Q+ 28. Raxd1 Rb2+ 0-1

[Event "Limburg Open 2022"]
[Site "Maastricht"]
[Date "2022.06.04"]
[Round "2.14"]
[White "Dorst, Johannes"]
[Black "Braun, Christian"]
[Result "0-1"]
[ECO "C11"]
[WhiteElo "2246"]
[BlackElo "2428"]
[PlyCount "96"]
[EventDate "2022.06.03"]
[EventType "swiss"]
[EventRounds "7"]
[EventCountry "NED"]
[SourceTitle "Limburg Open"]
[Source "Limburg Open"]
[SourceDate "2022.06.06"]
[SourceVersion "7"]
[SourceVersionDate "2022.06.06"]
[SourceQuality "1"]
[TimeControl "7200+15"]

1. e4 e6 2. d4 d5 3. Nc3 Nf6 4. e5 Nfd7 5. f4 c5 6. Nf3 Nc6 7. Be3 a6 8. Qd2 Be7 9. dxc5 Nxc5 10. O-O-O Qa5 11. Kb1 b5 12. Ne2 Qxd2 13. Rxd2 Bd7 14. Ned4 O-O 15. Nxc6 Bxc6 16. Bd4 b4 17. g3 a5 18. Bh3 Ne4 19. Rdd1 Bb5 20. Rhe1 a4 21. f5 Bd7 22. g4 a3 23. b3 Rfc8 24. Rg1 Nc3+ 25. Bxc3 Rxc3 26. Rg3 Rac8 27. Nd4 Bg5 28. Rxc3 Rxc3 29. Rd3 Bf4 30. Nf3 Kf8 31. fxe6 Bxe6 32. Rxc3 bxc3 33. Nd4 Bxe5 34. Nxe6+ fxe6 35. Kc1 Bxh2 36. Bg2 Ke7 37. Kd1 Kd6 38. Ke2 Ke5 39. Ke3 Bg1+ 40. Kf3 Kd4 41. Bf1 e5 42. Ba6 e4+ 43. Ke2 Ke5 44. Bc8 Bc5 45. Bd7 d4 46. Bb5 Bb4 47. Kd1 Kf4 48. Bd7 g6 0-1

[Event "Limburg Open 2022"]
[Site "Maastricht"]
[Date "2022.06.04"]
[Round "3.1"]
[White "Warmerdam, Max"]
[Black "Ernst, Sipke"]
[Result "1/2-1/2"]
[ECO "A40"]
[WhiteElo "2613"]
[BlackElo "2538"]
[PlyCount "65"]
[EventDate "2022.06.03"]
[EventType "swiss"]
[EventRounds "7"]
[EventCountry "NED"]
[SourceTitle "Limburg Open"]
[Source "Limburg Open"]
[SourceDate "2022.06.06"]
[SourceVersion "7"]
[SourceVersionDate "2022.06.06"]
[SourceQuality "1"]
[TimeControl "7200+15"]

1. c4 g6 2. e4 Bg7 3. d4 e6 4. Nc3 Ne7 5. h4 h5 6. Bg5 d6 7. Nf3 Nd7 8. Be2 a6 9. Qc2 b6 10. Rd1 Bb7 11. O-O O-O 12. Rfe1 Qe8 13. b4 Nf6 14. Bf1
Ng4 15. a3 Qd7 16. g3 Rae8 17. Bg2 Qc8 18. Re2 f5 19. Qd3 fxe4 20. Nxe4 Nf5 21.
Bc1 b5 22. cxb5 axb5 23. Bb2 Bd5 24. Nfd2 Bh6 25. Rde1 Qb7 26. f3 Nf6 27. Kf2
Bxd2 28. Nxd2 Kh7 29. Bh3 Qc6 30. Rc1 Qb7 31. Qc3 Rf7 32. Rce1 c6 33. Rc1
1/2-1/2

[Event "Limburg Open 2022"]
[Site "Maastricht"]
[Date "2022.06.04"]
[Round "3.2"]
[White "Gurevich, Mikhail"]
[Black "Zwirs, Nico"]
[Result "1-0"]
[ECO "D45"]
[WhiteElo "2576"]
[BlackElo "2475"]
[PlyCount "74"]
[EventDate "2022.06.03"]
[EventType "swiss"]
[EventRounds "7"]
[EventCountry "NED"]
[SourceTitle "Limburg Open"]
[Source "Limburg Open"]
[SourceDate "2022.06.06"]
[SourceVersion "7"]
[SourceVersionDate "2022.06.06"]
[SourceQuality "1"]
[TimeControl "7200+15"]

1. c4 e6 2. Nf3 d5 3. d4 Nf6 4. Nc3 c6 5. e3 Nbd7 6. Qc2 Bd6 7. b3 O-O 8. Be2 b6 9. cxd5 exd5 10. O-O Re8 11.
Bb2 Bb7 12. Rac1 Qe7 13. Rfd1 Rad8 14. Bf1 Nf8 15. g3 Ng6 16. Bg2 h5 17. Ne2 h4 18. Nf4 hxg3 19. hxg3 Ne4
20. Nxg6 fxg6 21. Ne5 Bxe5 22. dxe5 c5 23. b4 cxb4 24. Qb3 Kh7 25. Rd4 Rc8 26.
Rcd1 Nc3 27. R1d2 a5 28. a3 Rc4 29. Rxc4 dxc4 30. Qxc4 Bxg2 31. Kxg2 Qxe5 32.
axb4 Qe4+ 33. Qxe4 Nxe4 34. Rd7 axb4 35. Rxg7+ Kh6 36. Rb7 Re6 37. Bg7+ Kh5 1-0

[Event "Limburg Open 2022"]
[Site "Maastricht"]
[Date "2022.06.04"]
[Round "3.3"]
[White "Van Foreest, Lucas"]
[Black "Fischer, Daniel"]
[Result "1-0"]
[ECO "E08"]
[WhiteElo "2553"]
[BlackElo "2324"]
[PlyCount "113"]
[EventDate "2022.06.03"]
[EventType "swiss"]
[EventRounds "7"]
[EventCountry "NED"]
[SourceTitle "Limburg Open"]
[Source "Limburg Open"]
[SourceDate "2022.06.06"]
[SourceVersion "7"]
[SourceVersionDate "2022.06.06"]
[SourceQuality "1"]
[TimeControl "7200+15"]

1. d4 Nf6 2. c4 e6 3. Nf3 d5 4. g3 Bb4+ 5. Bd2 Be7 6. Bg2 O-O 7. O-O c6 8. Qc2 Nbd7 9. Bf4 b6 10. Rd1 Ba6 11. cxd5 cxd5 12. Ne5 Nxe5 13. dxe5 Ng4 14. Bf3 f5 15. exf6 Nxf6 16. Qa4 Bb7 17.
Nd2 Bd6 18. Bxd6 Qxd6 19. Nc4 Qc7 20. Ne3 Rac8 21. Rac1 Qxc1
22. Rxc1 Rxc1+ 23. Kg2 a5 24. g4 e5 25. g5 e4 26. Bg4 Nxg4 27. Nxg4 Rc6 28. Qd4
Re6 29. Ne3 h6 30. h4 hxg5 31. hxg5 Kh7 32. Kg1 Rf7 33. Ng2 Rf5 34. Qe3 Kg8 35.
Qg3 Bc6 36. Nh4 Rf8 37. Qg4 Rfe8 38. Nf5 Bd7 39. Nd4 Rd6 40. Qf4 Rg6 41. Kf1
Be6 42. Ke1 Bf7 43. Kd2 Rd8 44. Nf5 Re8 45. Qc7 Rge6 46. Ke3 Re5 47. Nd6 R8e7
48. Qb8+ Be8 49. g6 Kf8 50. Nc8 R7e6 51. Nxb6 Ke7 52. Qb7+ Kf6 53. Nxd5+ Kg5
54. Nf4 Re7 55. Qb6 Bd7 56. Qd8 Kf6 57. b3 1-0

[Event "Limburg Open 2022"]
[Site "Maastricht"]
[Date "2022.06.04"]
[Round "3.4"]
[White "Kopylov, Daniel"]
[Black "Donchenko, Alexander"]
[Result "0-1"]
[ECO "B90"]
[WhiteElo "2326"]
[BlackElo "2602"]
[PlyCount "96"]
[EventDate "2022.06.03"]
[EventType "swiss"]
[EventRounds "7"]
[EventCountry "NED"]
[SourceTitle "Limburg Open"]
[Source "Limburg Open"]
[SourceDate "2022.06.06"]
[SourceVersion "7"]
[SourceVersionDate "2022.06.06"]
[SourceQuality "1"]
[TimeControl "7200+15"]

1. e4 c5 2. Nf3 d6 3. d4 cxd4 4. Nxd4 Nf6 5. Nc3 a6 6. Be3 e5 7. Nf3 Be7 8. Bc4 Be6 9. Bb3 Nbd7 10. O-O Rc8 11. Ng5 Bc4 12. Bxc4 Rxc4 13. Qd3 Qc7 14. Nf3 O-O 15. Nd2 Rc6 16. Rfc1 Rc8 17. Bg5 h6 18.
Bxf6 Nxf6 19. Nf1 b5 20. Ne3 Qb7 21. a4 b4 22. Nb1 Nd7 23. Nd2 Bg5 24. Ndc4
Rxc4 25. Nxc4 Nc5 26. Qh3 Nxe4 27. Ne3 Rc5 28. Re1 d5 29. Qf5 Bxe3 30. Rxe3 Qc7
31. f3 g6 32. Qh3 Nf6 33. Qxh6 Rxc2 34. Rae1 e4 35. R3e2 Qb6+ 36. Kf1 b3 37.
Rc1 Qd4 38. Rce1 Qxb2 39. Qf4 Kg7 40. Rxc2 Qxc2 41. Re2 Qd1+ 42. Re1 Qd3+ 43.
Kg1 b2 44. Qb8 Qd2 45. Kf1 d4 46. Re2 Qd1+ 47. Re1 Qd3+ 48. Kg1 Qd2 0-1

[Event "Limburg Open 2022"]
[Site "Maastricht"]
[Date "2022.06.04"]
[Round "3.5"]
[White "Muetsch, Annmarie"]
[Black "Dardha, Daniel"]
[Result "0-1"]
[ECO "B23"]
[WhiteElo "2272"]
[BlackElo "2555"]
[PlyCount "50"]
[EventDate "2022.06.03"]
[EventType "swiss"]
[EventRounds "7"]
[EventCountry "NED"]
[SourceTitle "Limburg Open"]
[Source "Limburg Open"]
[SourceDate "2022.06.06"]
[SourceVersion "7"]
[SourceVersionDate "2022.06.06"]
[SourceQuality "1"]
[TimeControl "7200+15"]

1. e4 c5 2. Nc3 d6 3. d4 cxd4 4. Qxd4 Nf6 5. b3 Nc6 6. Qd2 e6 7. Bb2 Be7 8. O-O-O O-O 9. Kb1 a6 10. a4 Qa5 11. Bd3 b5 12. Nge2 Bd7 13. g4 bxa4 14. Nxa4 Nb4 15. Nec3 Nxd3
16. Qxd3 Rfc8 17. f3 Rab8 18. h4 Rb7 19. Ka2 d5 20. e5 Bxa4 21. Nxa4 Nd7 22.
Kb1 Rcb8 23. Nc3 Nc5 24. Qe2 Nxb3 25. cxb3 Rxb3 0-1

[Event "Limburg Open 2022"]
[Site "Maastricht"]
[Date "2022.06.04"]
[Round "3.6"]
[White "Gupta, Sankalp"]
[Black "Van Roon, Sjoerd"]
[Result "1/2-1/2"]
[ECO "D00"]
[WhiteElo "2505"]
[BlackElo "2280"]
[PlyCount "81"]
[EventDate "2022.06.03"]
[EventType "swiss"]
[EventRounds "7"]
[EventCountry "NED"]
[SourceTitle "Limburg Open"]
[Source "Limburg Open"]
[SourceDate "2022.06.06"]
[SourceVersion "7"]
[SourceVersionDate "2022.06.06"]
[SourceQuality "1"]
[TimeControl "7200+15"]

1. d4 d5 2. Nc3 Nf6 3. Bf4 e6 4. Nb5 Na6 5. e3 c6 6. Nc3 Nc7 7. Nf3 b6 8. Ne5 Bb7 9. Qf3 Be7 10. g4 O-O 11.
g5 Nd7 12. Nxd7 Qxd7 13. h4 Ba6 14. Bh3 Bb4 15. h5 Nb5 16. h6 g6
17. a3 Bxc3+ 18. bxc3 f5 19. Qe2 Qe7 20. Qd2 Nd6 21. f3 Nf7 22. Rg1 e5 23. dxe5
Nxe5 24. Kf2 Rfe8 25. Qd4 Bc4 26. Rge1 Rad8 27. a4 c5 28. Qxe5 Qxe5 29. Bxe5
Rxe5 30. a5 b5 31. a6 Rde8 32. Rab1 Kf7 33. Bf1 Bxf1 34. Kxf1 Rb8 35. Kf2 Ke6
36. Red1 c4 37. Rd2 Rb6 38. Rbd1 Rd6 39. Rd4 Rd8 40. Ra1 Kd6 41. Rdd1 1/2-1/2

[Event "Limburg Open 2022"]
[Site "Maastricht"]
[Date "2022.06.04"]
[Round "3.7"]
[White "Braun, Christian"]
[Black "Rebers, Eugene"]
[Result "1/2-1/2"]
[ECO "A05"]
[WhiteElo "2428"]
[BlackElo "2194"]
[PlyCount "116"]
[EventDate "2022.06.03"]
[EventType "swiss"]
[EventRounds "7"]
[EventCountry "NED"]
[SourceTitle "Limburg Open"]
[Source "Limburg Open"]
[SourceDate "2022.06.06"]
[SourceVersion "7"]
[SourceVersionDate "2022.06.06"]
[SourceQuality "1"]
[TimeControl "7200+15"]

1. e4 c5 2. Nf3 g6 3. d3 Bg7 4. g3 Nc6 5. Bg2 d6 6. O-O Nf6 7. Re1 Bg4 8. h3 Bxf3 9. Bxf3 Nd7 10. Nd2 O-O 11. Bg2 Rc8 12. h4 b5 13. h5 b4 14.
Nc4 Nd4 15. Be3 Nb6 16. Nxb6 Qxb6 17. Qd2 a5 18. c3 Nc6 19. Rad1 bxc3 20. bxc3
Rb8 21. d4 Rfc8 22. e5 dxe5 23. dxc5 Qc7 24. Qd7 e6 25. Qxc7 Rxc7 26. Rd6 Rbc8
27. Red1 Bf6 28. Rb1 Ne7 29. Bb7 Rb8 30. Rdb6 Nf5 31. Be4 Rbc8 32. Bxf5 gxf5
33. R1b5 f4 34. gxf4 exf4 35. Bxf4 Rxc5 36. Rxc5 Rxc5 37. h6 Rc8 38. c4 Bd4 39.
Rd6 Bc5 40. Rd3 f6 41. Rg3+ Kh8 42. a4 Bd4 43. Rb3 Kg8 44. Rb8 Rxb8 45. Bxb8
Kf7 46. Bc7 Bc3 47. f4 Ke7 48. Kg2 Kd7 49. Bb6 Kc6 50. Be3 Bb4 51. Kf3 Bf8 52.
Bd2 Kb6 53. Be3+ Kc6 54. Bd2 Bxh6 55. Bxa5 Kc5 56. Bd8 Kxc4 57. Bxf6 Bxf4 58.
Kxf4 Kb4 1/2-1/2

[Event "Limburg Open 2022"]
[Site "Maastricht"]
[Date "2022.06.04"]
[Round "3.8"]
[White "Jansen, Bob"]
[Black "Lahaye, Rick"]
[Result "0-1"]
[ECO "D00"]
[WhiteElo "2173"]
[BlackElo "2412"]
[PlyCount "80"]
[EventDate "2022.06.03"]
[EventType "swiss"]
[EventRounds "7"]
[EventCountry "NED"]
[SourceTitle "Limburg Open"]
[Source "Limburg Open"]
[SourceDate "2022.06.06"]
[SourceVersion "7"]
[SourceVersionDate "2022.06.06"]
[SourceQuality "1"]
[TimeControl "7200+15"]

1. d4 d5 2. Nc3 Nf6 3. Bf4 e6 4. Nb5 Na6 5. e3 Bb4+ 6. c3 Be7 7. Nf3 O-O 8. Ne5 Ne4 9.
f3 Nd6 10. Nxd6 cxd6 11. Nd3 f6 12. Qb3 Nc7 13. Be2 b6 14. O-O e5 15. Bg3 Be6
16. a4 Qd7 17. a5 b5 18. Nb4 g5 19. Qa2 f5 20. f4 gxf4 21. exf4 e4 22. Bf2 Kh8
23. Bd1 Bf6 24. Re1 Rg8 25. Bb3 Qf7 26. Re3 Rg4 27. g3 Rag8 28. Kh1 a6 29. Rae1
R4g6 30. R1e2 Rh6 31. Be1 Rh3 32. Rg2 Bg7 33. Rf2 Bf8 34. Rg2 Bh6 35. Ree2 Rg6
36. Bd2 Rg4 37. Be1 Qe8 38. Bd2 Bf7 39. Kg1 Bh5 40. Be3 Rgxg3 0-1

[Event "Limburg Open 2022"]
[Site "Maastricht"]
[Date "2022.06.04"]
[Round "3.9"]
[White "Roebers, Eline"]
[Black "Tabak, Stefan"]
[Result "1-0"]
[ECO "B32"]
[WhiteElo "2378"]
[BlackElo "2164"]
[PlyCount "73"]
[EventDate "2022.06.03"]
[EventType "swiss"]
[EventRounds "7"]
[EventCountry "NED"]
[SourceTitle "Limburg Open"]
[Source "Limburg Open"]
[SourceDate "2022.06.06"]
[SourceVersion "7"]
[SourceVersionDate "2022.06.06"]
[SourceQuality "1"]
[TimeControl "7200+15"]

1. e4 c5 2. Nf3 Nc6 3. d4 cxd4 4. Nxd4 e5 5. Nb5 d6 6. N1c3 a6 7. Na3 Be6 8. Nc4 Rb8 9. a4 Nb4 10. Nd5 Nxd5 11. exd5 Bd7 12. Be3 b5 13. axb5 axb5 14. Na5 Nf6 15. Nc6 Bxc6 16. dxc6 d5 17. Ba7 Bd6 18.
Bxb8 Bxb8 19. Bxb5 O-O 20. O-O Qd6 21. c3 h5 22. Ra6 Bc7 23. Be2 h4 24. g3 hxg3
25. hxg3 Ne4 26. Ra4 f5 27. c4 Nc5 28. Ra3 d4 29. b4 e4 30. bxc5 Qxc5 31. Rb3
d3 32. Bxd3 exd3 33. Qxd3 Rd8 34. Qf3 Qxc4 35. Rb7 Be5 36. Qb3 Rd4 37. Rc1 1-0

[Event "Limburg Open 2022"]
[Site "Maastricht"]
[Date "2022.06.04"]
[Round "3.10"]
[White "Bruil, Rembrandt"]
[Black "De Rover, Yong Hoon"]
[Result "1/2-1/2"]
[ECO "E12"]
[WhiteElo "2166"]
[BlackElo "2359"]
[PlyCount "53"]
[EventDate "2022.06.03"]
[EventType "swiss"]
[EventRounds "7"]
[EventCountry "NED"]
[SourceTitle "Limburg Open"]
[Source "Limburg Open"]
[SourceDate "2022.06.06"]
[SourceVersion "7"]
[SourceVersionDate "2022.06.06"]
[SourceQuality "1"]
[TimeControl "7200+15"]

1. d4 Nf6 2. c4 e6 3. Nf3 b6 4. a3 Bb7 5. Nc3 d5 6. Bg5 Be7 7. Qa4+ Qd7 8. Qxd7+ Nbxd7 9. e3 a6 10. cxd5 Nxd5 11. Nxd5 Bxd5 12. Bxe7 Kxe7 13. Be2 c5 14. O-O c4 15. Nd2 b5 16. f3 Nb6 17. Rfc1 Rac8 18. Rc2 f5
19. Rac1 Rhd8 20. Kf2 g5 21. h4 h6 22. hxg5 hxg5 23. Rh1 Rh8 24. Rxh8 Rxh8 25.
e4 Ba8 26. exf5 exf5 27. b3 1/2-1/2

[Event "Limburg Open 2022"]
[Site "Maastricht"]
[Date "2022.06.04"]
[Round "3.11"]
[White "Nemegeer, Arne"]
[Black "Lenaerts, Lennert"]
[Result "0-1"]
[ECO "C00"]
[WhiteElo "2107"]
[BlackElo "2353"]
[PlyCount "66"]
[EventDate "2022.06.03"]
[EventType "swiss"]
[EventRounds "7"]
[EventCountry "NED"]
[SourceTitle "Limburg Open"]
[Source "Limburg Open"]
[SourceDate "2022.06.06"]
[SourceVersion "7"]
[SourceVersionDate "2022.06.06"]
[SourceQuality "1"]
[TimeControl "7200+15"]

1. e4 c5 2. Nf3 e6 3. g3 Nc6 4. Bg2 Nf6 5. Qe2 e5 6. O-O d6 7. c3 Be7 8. d3 O-O 9. Na3 Re8 10. Nc4 Bf8 11. Ne3 g6 12. Ne1 Bg7 13. Qd1 Bd7 14. f4 exf4 15. gxf4 b5 16. f5 b4 17. Nc4 Qc7 18. Bf4 Ne5 19.
Nxe5 dxe5 20. Bg5 gxf5 21. exf5 Bc6 22. Qd2 bxc3 23. bxc3 Kh8 24. Qf2 Bxg2 25.
Nxg2 Qd6 26. Rae1 e4 27. dxe4 Nxe4 28. Rxe4 Rxe4 29. f6 Bf8 30. Qf3 Rae8 31.
Qh5 Qe5 32. h4 Bd6 33. Ne3 Qh2# 0-1